 Dungeon Crawl Stone Soup version 0.24-a0-416-g56ce517 (webtiles) character file.

Game seed: 8302944584678890056

3509 Zietes the Spear-Bearer (level 10, -6/74 HPs)
             Began as a Merfolk Skald on June 8, 2019.
             Was a Plaything of Xom.
             Killed by the air
             ... invoked by Gastronok
              (46 damage)
             ... on level 8 of the Dungeon on June 9, 2019.
             The game lasted 00:59:13 (8098 turns).

Zietes the Spear-Bearer (Merfolk Skald)             Turns: 8098, Time: 00:59:17

Health: -6/74      AC: 15    Str: 15    XL:     10   Next: 7%
Magic:  26/26      EV: 12    Int: 12    God:    Xom [*.....]
Gold:   420        SH:  2    Dex: 14    Spells: 10/18 levels left

rFire    . . .     SeeInvis .   D - +1 halberd
rCold    . . .     Gourm    .   (shield currently unavailable)
rNeg     . . .     Faith    .   x - +3 scale mail {rPois}
rPois    +         Spirit   .   (no helmet)
rElec    .         Reflect  +   o - +0 cloak
rCorr    .         Harm     .   F - +0 pair of gloves
MR       .....                  m - +0 pair of boots
Stlth    ..........             d - +2 amulet of reflection
HPRegen  0.62/turn              i - ring of magical power
MPRegen  0.20/turn              w - +2 ring of protection

@: flying, lightly drained
A: change form in water, swift swim, stealthy swim, regeneration 1
a: Renounce Religion


You were on level 8 of the Dungeon.
You worshipped Xom.
You were a special plaything of Xom.
You were not hungry.

You visited 1 branch of the dungeon, and saw 8 of its levels.

You collected 524 gold pieces.
You spent 104 gold pieces at shops.

Inventory:

Hand Weapons
 a - a +0 spear
 h - a +0 halberd
 r - a +0 trident
 D - a +1 halberd (weapon)
 I - the +5 rapier "Tigaysha" {freeze, Dex+2, unknown}
   (You found it on level 6 of the Dungeon)

   It has been specially enchanted to freeze those struck by it, causing extra
   injury to most foes and up to half again as much damage against particularly
   susceptible opponents.
   It can also slow down cold-blooded creatures.
   It affects your dexterity (+2).
Missiles
 e - 21 poisoned darts (quivered)
 E - 4 boomerangs
Armour
 b - a +1 leather armour
 m - a +0 pair of boots (worn)
 o - a +0 cloak (worn)
 p - a +0 ring mail
 t - a +0 ring mail
 x - a +3 scale mail of poison resistance (worn)
 y - a +0 shield
 F - a +0 pair of gloves (worn)
Jewellery
 d - a +2 amulet of reflection (around neck)
 i - a ring of magical power (left hand)
 w - a +2 ring of protection (right hand)
Wands
 C - a wand of iceblast (6)
 K - a wand of paralysis (2)
Scrolls
 f - 2 scrolls of enchant weapon
 n - a scroll of magic mapping {unknown}
 q - 3 scrolls of remove curse
 v - 4 scrolls of identify
 B - a scroll of enchant armour
 H - a scroll of amnesia
Potions
 c - 2 potions of degeneration {unknown}
 j - a potion of invisibility {unknown}
 l - a potion of mutation
 u - a potion of flight
 G - a potion of curing
 J - a potion of cancellation {unknown}
Comestibles
 A - 4 rations


   Skills:
 + Level 5.5(5.0) Fighting
 * Level 10.3(9.6) Polearms
 * Level 5.1(4.5) Armour
 + Level 7.0(6.4) Dodging
 + Level 4.7(4.2) Spellcasting
 + Level 6.1(5.5) Charms
 + Level 3.1(2.5) Evocations


You had 10 spell levels left.
You knew the following spells:

 Your Spells              Type           Power        Failure   Level  Hunger
a - Infusion              Chrm           ###.         9%          1    None
b - Song of Slaying       Chrm           ###.....     13%         2    ##.....
c - Shroud of Golubria    Chrm/Tloc      #.....       36%         2    ##.....
e - Regeneration          Chrm/Necr      #.........   61%         3    ###....

Your spell library contained the following spells:

 Spells                   Type           Power        Failure   Level  Hunger
 Spectral Weapon          Hex/Chrm       #.......     61%         3    ###....
 Animate Skeleton         Necr           N/A          63%         1    None
 Dispel Undead            Necr           #.......     100%        5    ######.
 Hydra Form               Tmut           #.........   100%        6    #######


Dungeon Overview and Level Annotations

Branches:
Dungeon (8/15)             Temple (0/1) D:4
   Lair: D:8-11

Altars:
Ashenzari
Gozag
Nemelex Xobeh
Okawaru
Ru
Uskayaw
Vehumet
Xom
Beogh

Shops:
D:4 *

Annotations:
D:6 3 runed translucent doors, thaho's ghost, novice GnSk
D:8 Gastronok


Innate Abilities, Weirdness & Mutations

You revert to your normal form in water You are very nimble and swift while swimming.
You are very stealthy in the water. (Stealth+)
Your natural rate of healing is unusually fast.


Message History

You hit Gastronok.
Gastronok is severely wounded.
The jackal bites you but does no damage.
You hit Gastronok but do no damage.
Gastronok is severely wounded.
The jackal barely misses you. Gastronok looks at you while chanting.
You barely resist. You impale Gastronok!!
Gastronok is almost dead.
The jackal bites you but does no damage.
The jackal closely misses you.
You hit Gastronok.
Gastronok is almost dead.
The jackal barely misses you. The jackal closely misses you.
Gastronok waves his eye-stalks in wide circles.
The air twists around and violently strikes you in flight!
Ouch! That really hurt!
You die...
Xom guffaws!

,,, ...###(#.....# #. ,# '
...#'##.(# #. +,,
#...#%)#))# #) ,*, ,
#...#..#()# #. # ,
*#########()# #) ,,,,
..(.......(# #.
,,..(...(.())## #. **
.......##hh(##############.
......% #(@.(.)†.......)...
> ,
....w..*#(w.###############
..###.# ##.## # #w #(# #.
#.# #. #(# #.# #.# ..#


You could see Gastronok and 2 jackals.

Vanquished Creatures
  A cyclops (D:8)
  A hippogriff (D:8)
  A water moccasin (D:7)
  An orc warrior (D:5)
  2 ice beasts
  An ogre (D:8)
  An eye of draining (D:8)
  2 centaurs
  A bullfrog (D:6)
  3 scorpions
  8 wights
  7 howler monkeys
  A crimson imp (D:7)
  5 hounds
  A quasit (D:8)
  3 jellies
  4 orc priests
  A centaur skeleton (D:6)
  5 orc wizards
  2 bullfrog skeletons
  Terence (D:2)
  4 iguanas
  9 worker ants
  2 hound zombies
  2 hound skeletons (D:7)
  7 gnolls
  9 adders
  A howler monkey skeleton (D:4)
  3 shadow imps (D:5)
  4 oozes
  4 worms
  3 dart slugs (D:2)
  7 leopard geckos
  36 orcs
  5 giant cockroaches
  4 goblins
  10 hobgoblins
  12 jackals
  2 quokkas (D:3)
  8 ball pythons
  10 bats
  7 frilled lizards
  A jackal zombie (D:5)
  9 kobolds
  A quokka skeleton (D:8)
  4 rats
216 creatures vanquished.

Vanquished Creatures (collateral kills)
  A wight (D:7)
  An orc priest (D:3)
  A bullfrog skeleton (D:8)
  An orc (D:3)
  A giant cockroach (D:8)
  A goblin (D:8)
  2 hobgoblins
  A kobold (D:8)
  A quokka (D:8)
10 creatures vanquished.

Vanquished Creatures (others)
  A centaur (D:6)
  4 toadstools (D:1)
5 creatures vanquished.

Grand Total: 231 creatures vanquished

Notes
Turn   | Place    | Note
-------+----------+-------------------------------------------
     0 | D:1      | Zietes the Merfolk Skald began the quest for the Orb.
     0 | D:1      | Reached XP level 1. HP: 16/16 MP: 3/3
   121 | D:1      | Reached XP level 2. HP: 17/22 MP: 5/5
   125 | D:1      | Learned a level 2 spell: Song of Slaying
   128 | D:1      | Learned a level 2 spell: Shroud of Golubria
   175 | D:1      | Reached skill level 1 in Armour
   259 | D:1      | Reached XP level 3. HP: 11/28 MP: 2/6
  1040 | D:1      | Reached skill level 4 in Polearms
  1332 | D:2      | Reached XP level 4. HP: 26/34 MP: 7/7
  2232 | D:2      | Found an opulent altar of Gozag.
  2282 | D:2      | Noticed Terence
  2290 | D:2      | Killed Terence
  2290 | D:2      | Reached XP level 5. HP: 39/39 MP: 8/8
  2481 | D:3      | Learned a level 3 spell: Spectral Weapon
  2775 | D:3      | Found a shimmering altar of Xom.
  2783 | D:3      | Became a worshipper of Xom of Chaos
  2790 | D:3      | XOM: harmless Erth miscast
  2918 | D:3      | XOM: divination: detect items
  2958 | D:3      | XOM: divination: magic mapping
  2971 | D:3      | XOM: summons 2 friendly demons
  2977 | D:3      | Reached skill level 5 in Polearms
  3287 | D:3      | XOM: cloud trail
  3391 | D:3      | XOM: 1-stop teleportation journey
  3422 | D:4      | XOM: divination: detect items
  3439 | D:4      | XOM: divination: magic mapping
  3460 | D:4      | Reached XP level 6. HP: 28/47 MP: 10/10
  3464 | D:4      | XOM: cloud trail
  3802 | D:4      | Found Adylif's Serpentskin Sales.
  3813 | D:4      | XOM: silly message
  3818 | D:4      | Bought a +0 scale mail of poison resistance for 104 gold
                  | pieces
  3833 | D:4      | Gained mutation: You are clumsy. (Dex -2) [potion of
                  | mutation]
  3833 | D:4      | Lost mutation: You are clumsy. (Dex -2) [potion of
                  | mutation]
  3833 | D:4      | Gained mutation: Your natural rate of healing is unusually
                  | fast. [potion of mutation]
  3966 | D:4      | Found a staircase to the Ecumenical Temple.
  4157 | D:5      | Entered Level 5 of the Dungeon
  4164 | D:5      | XOM: smoke on damage
  4214 | D:5      | Reached skill level 6 in Polearms
  4214 | D:5      | Reached XP level 7. HP: 52/52 MP: 11/11
  4410 | D:5      | Reached skill level 7 in Polearms
  4457 | D:5      | XOM: confuse monster(s)
  4468 | D:5      | XOM: polymorph worker ant -> worm
  4509 | D:5      | Reached XP level 8. HP: 60/60 MP: 12/12
  4522 | D:5      | XOM: scenery: 1 doors open, 1 doors close
  4605 | D:5      | Found a sparkling altar of Nemelex Xobeh.
  4605 | D:5      | Found a faded altar of an unknown god.
  4610 | D:5      | Found a radiant altar of Vehumet.
  4612 | D:5      | Found an iron altar of Okawaru.
  4615 | D:5      | Found a faded altar of an unknown god.
  4718 | D:5      | Reached skill level 5 in Dodging
  4720 | D:5      | XOM: mild Erth miscast
  4811 | D:5      | XOM: divination: magic mapping
  4817 | D:5      | XOM: divination: detect items
  4872 | D:5      | XOM: silly message
  4967 | D:5      | XOM: harmless Tloc miscast
  5029 | D:5      | Found a shattered altar of Ashenzari.
  5112 | D:5      | XOM: silly message
  5304 | D:5      | Found a sacrificial altar of Ru.
  5327 | D:5      | XOM: cloud trail
  5365 | D:6      | Reached skill level 8 in Polearms
  5489 | D:6      | Found a runed translucent gate.
  5489 | D:6      | Noticed thaho's ghost (novice GnSk)
  5493 | D:6      | Found a runed translucent gate.
  5495 | D:6      | Found a runed translucent gate.
  5496 | D:6      | Found a roughly hewn altar of Beogh.
  5709 | D:6      | Found a hide-covered altar of Uskayaw.
  5718 | D:6      | Got a fine rapier
  5769 | D:6      | Reached skill level 5 in Charms
  5791 | D:6      | Learned a level 3 spell: Regeneration
  5822 | D:6      | XOM: mild Summ miscast
  6018 | D:6      | Reached skill level 1 in Evocations
  6337 | D:6      | XOM: medium Hex miscast
  6536 | D:6      | XOM: divination: detect creatures
  6595 | D:6      | XOM: scenery: create altars
  6892 | D:7      | Reached XP level 9. HP: 66/66 MP: 15/15
  6892 | D:7      | XOM: chaos cloud
  6902 | D:7      | XOM: summons friendly white imp
  6903 | D:7      | XOM: noise
  6916 | D:7      | XOM: noise
  6950 | D:7      | XOM: enchant monster (good)
  6956 | D:7      | Reached skill level 9 in Polearms
  6958 | D:7      | XOM: harmless Summ miscast
  6968 | D:7      | XOM: enchant monster (bad)
  7075 | D:7      | XOM: summons 2 friendly demons
  7089 | D:7      | Reached skill level 5 in Fighting
  7129 | D:7      | XOM: 1-stop teleportation journey
  7231 | D:7      | Identified the Guide on Mutagenic Sinister Magic
  7330 | D:7      | XOM: scenery: 1 doors open, 1 doors close
  7510 | D:7      | XOM: divination: magic mapping
  7551 | D:8      | XOM is BORED!
  7585 | D:8      | XOM: divination: magic mapping
  7642 | D:8      | XOM: 6-stop teleportation journey
  7643 | D:8      | Noticed a cyclops
  7645 | D:8      | Noticed Gastronok
  7650 | D:8      | XOM: summons friendly quasit
  7654 | D:8      | XOM: mild Conj miscast
  7655 | D:8      | XOM: summons 5 friendly demons
  7664 | D:8      | XOM: summons friendly quasit
  7674 | D:8      | Killed a cyclops
  7674 | D:8      | Reached skill level 10 in Polearms
  7674 | D:8      | XOM: cast spell 'Summon Small Mammal'
  7682 | D:8      | XOM: enchant monster (good)
  7688 | D:8      | XOM: summons friendly shadow imp
  7866 | D:8      | XOM: destruction
  7881 | D:8      | XOM: swap monsters
  7885 | D:8      | Reached skill level 5 in Armour
  7885 | D:8      | Reached XP level 10. HP: 60/74 MP: 17/17
  7887 | D:8      | XOM: noise
  8081 | D:8      | XOM: swap monsters
  8098 | D:8      | Killed from afar by Gastronok

Levels and vault maps discovered:
D:1:      ldierk_water_garden, layout_basic, palyth_stone_intersect,
          chequers_serial_rivers_small_a, grunt_decor_clamped, st_stairs_10,
          kennysheep_boxes
D:2:      layout_basic, marbit_many_paths, minmay_shallow_snake_nest,
          uniq_terence
D:3:      layout_rooms, nicolae_overflow_crystal_walls
D:4:      layout_cave_pools, minmay_temple_entry_proselytizer,
          chequers_serial_rivers_small_3, hangedman_decor_push,
          guppyfry_shop_venom
D:5:      minmay_bubble_buster, layout_basic, nicolae_overflow_hidden_temple,
          kennysheep_mini, chequers_temple_overflow_minitemple, first_ration,
          grunt_ministairs_14
D:6:      layout_layer_cave, eat_drink_and_be_merry_uskayaw,
          biasface_ghost_orc_armoury
D:7:      layout_basic, serial_curves, eino_curves_03, eino_curves_03
D:8:      corexii_shack_village, layout_basic, led_sif_pool, uniq_gastronok

Skill      XL: |  1  2  3  4  5  6  7  8  9 10 |
---------------+-------------------------------+-----
Armour         | 1 2 3 4 5 |  5.1
Dodging        | 3 4 5 6 7 |  7.0
Polearms       | 4 5 6 7 8 10 | 10.3
Fighting       | 3 4 5 |  5.5
Charms         | 4 5 6 |  6.1
Spellcasting   | 3 4 |  4.7
Evocations     | 1 2 3 |  3.1

Action                   |  1- 3 |  4- 6 |  7- 9 | 10-12 || total
-------------------------+-------+-------+-------+-------++-------
Melee: Spear             |    96 |       |       |       ||    96
       Tailslap          |     1 |       |       |       ||     1
       Halberd           |    31 |   206 |   414 |    39 ||   690
Throw: Dart              |     2 |    17 |    70 |    23 ||   112
 Cast: Infusion          |     2 |     8 |     5 |       ||    15
       Song of Slaying   |     2 |     6 |     7 |       ||    15
       Shroud of Golubri |       |     4 |     4 |       ||     8
       Spectral Weapon   |       |     5 |       |       ||     5
Evoke: Wand              |       |       |     5 |     5 ||    10
  Use: Potion            |     2 |     4 |     9 |     1 ||    16
       Scroll            |     1 |     5 |     9 |     2 ||    17
 Stab: Sleeping          |       |     1 |       |       ||     1
       Petrifying        |       |       |     1 |       ||     1
       Paralysed         |       |       |     1 |       ||     1
       Confused          |       |       |       |     1 ||     1
  Eat: Ration            |     1 |     2 |     4 |       ||     7
       Chunk             |       |     2 |     3 |       ||     5
Armor: Leather armour    |    26 |    47 |       |       ||    73
       Skin              |       |     2 |    35 |       ||    37
       Scale mail        |       |    37 |   260 |    11 ||   308
Dodge: Dodged            |    87 |   179 |   305 |    16 ||   587
Block: Other             |       |       |    27 |     1 ||    28
       Reflection        |       |       |     4 |       ||     4

Table legend:
 A = Non-vault XP
 B = Vault XP
 C = Vault XP percentage of total XP
 D = Non-vault monster count
 E = Vault monster count
 F = Vault count percentage of total count
                 A         B        C        D         E       F
            +---------+---------+-------+---------+---------+-------
      Total |    4725 |     288 |   5.7 |     188 |      39 |  17.2
            +---------+---------+-------+---------+---------+-------
        D:1 |      66 |       4 |   5.7 |      27 |       2 |   6.9
        D:2 |      59 |      58 |  49.6 |      18 |       7 |  28.0
        D:3 |      72 |       0 |   0.0 |      21 |       0 |   0.0
        D:4 |     216 |      58 |  21.2 |      21 |       4 |  16.0
        D:5 |    1069 |     145 |  11.9 |      40 |      14 |  25.9
        D:6 |     427 |       0 |   0.0 |      11 |       0 |   0.0
        D:7 |    1065 |       0 |   0.0 |      23 |       0 |   0.0
        D:8 |    1751 |      23 |   1.3 |      27 |      12 |  30.8
            +---------+---------+-------+---------+---------+-------
